|
||||||||||||||||||||||||||||||||||||||||||||||||||||||||||||||||||||
| ||||||||||||||||||||||||||||||||||||||||||||||||||||||||||||||||||||
Top of the 3rd over - 1 run, 1 hit, 0 errors, 0 left on base; University of Oklahoma 1 - University of Minnesota 1 |
BOTTOM OF THE 3RD | |
---|---|
University of Minnesota Golden Gophers batting - Pitching for University of Oklahoma Sooners : RHP Kay Cooper | |
Batting: LHB Bobby Agterberg |
0-0: Foul Ball, location: 3F 0-1: Ball 1-1: Ball 2-1: SINGLE (Groundball, 34D, EV 95.6 MPH) |
Batting: LHB Phil Bonner |
0-0: Sac Bunt to 25 - play at first, batter safe! Bobby Agterberg to second |
Batting: RHB Ron Gooch |
0-0: Swinging Strike 0-1: Ball 1-1: Ball 2-1: Swinging Strike 2-2: Fielders Choice at 2nd, 1-6 (Groundball, 13S, EV 73.8 MPH) Bobby Agterberg to third |
Batting: RHB Jian-zhang Zhào |
0-0: Called Strike 0-1: Foul Ball, location: 2F 0-2: Strikes out swinging |
Batting: RHB Tommy Molinaro |
0-0: Called Strike 0-1: Foul Ball, location: 7LSFF 0-2: Ball 1-2: Strikes out swinging |
Bottom of the 3rd over - 0 runs, 2 hits, 0 errors, 2 left on base; University of Oklahoma 1 - University of Minnesota 1 |
TOP OF THE 4TH | |
---|---|
University of Oklahoma Sooners batting - Pitching for University of Minnesota Golden Gophers : RHP Adam Wickwire | |
Batting: LHB Toby Clark |
0-0: Ball 1-0: Swinging Strike 1-1: Called Strike 1-2: Foul Ball, location: 7LMF 1-2: Strikes out swinging |
Batting: LHB Aaron Hollifield |
0-0: Foul Ball, location: 5F 0-1: Foul Ball, location: 9LMF 0-2: Strikes out swinging |
Batting: RHB Suk Hahn |
0-0: Called Strike 0-1: Foul Ball, location: 5F 0-2: Ball 1-2: Ball 2-2: Strikes out looking |
Top of the 4th over - 0 runs, 0 hits, 0 errors, 0 left on base; University of Oklahoma 1 - University of Minnesota 1 |
BOTTOM OF THE 4TH | |
---|---|
University of Minnesota Golden Gophers batting - Pitching for University of Oklahoma Sooners : RHP Kay Cooper | |
Batting: RHB Mike Satterfield |
0-0: Foul Ball, location: 7LDF 0-1: Foul Ball, location: 9LMFF 0-2: Ball 1-2: Ball 2-2: Strikes out looking |
Batting: RHB Jose Garrido |
0-0: Called Strike 0-1: Called Strike 0-2: Ball 1-2: Foul Ball, location: 2F 1-2: Foul Ball, location: 25F 1-2: Ground out 1-3 (Groundball, 34S, EV 73.8 MPH) |
Batting: RHB Jason Mooris |
0-0: Called Strike 0-1: Called Strike 0-2: Ball 1-2: Fly out, F6 (Line Drive, 6MD, EV 70.0 MPH) |
Bottom of the 4th over - 0 runs, 0 hits, 0 errors, 0 left on base; University of Oklahoma 1 - University of Minnesota 1 |
TOP OF THE 5TH | |
---|---|
University of Oklahoma Sooners batting - Pitching for University of Minnesota Golden Gophers : RHP Adam Wickwire | |
Batting: RHB Alex Perez |
0-0: Called Strike 0-1: Ball 1-1: Ball 2-1: Ball 3-1: Base on Balls |
Batting: RHB Sugiarto Kartosuwiryo |
0-0: Ball 1-0: Sac Bunt to P - play at first, batter OUT! 1-3 Alex Perez to second |
Batting: RHB Sam Mason |
0-0: Ball 1-0: Ball 2-0: Swinging Strike 2-1: Fly out, F7 (Flyball, 7LM, EV 83.1 MPH) |
Batting: LHB Nelson Morales |
0-0: Called Strike 0-1: Foul Ball, location: 2F 0-2: Ball 1-2: Strikes out swinging |
Top of the 5th over - 0 runs, 0 hits, 0 errors, 1 left on base; University of Oklahoma 1 - University of Minnesota 1 |
BOTTOM OF THE 5TH | |
---|---|
University of Minnesota Golden Gophers batting - Pitching for University of Oklahoma Sooners : RHP Kay Cooper | |
Batting: SHB Chris Rodgers |
0-0: Called Strike 0-1: Swinging Strike 0-2: Ball 1-2: Strikes out swinging |
Batting: LHB Bobby Agterberg |
0-0: Ball 1-0: Foul Ball, location: 3F 1-1: Ground out 4-3 (Groundball, 4D, EV 95.0 MPH) |
Batting: LHB Phil Bonner |
0-0: Ball 1-0: Called Strike 1-1: Foul Ball, location: 2F 1-2: Ball 2-2: Strikes out swinging |
Bottom of the 5th over - 0 runs, 0 hits, 0 errors, 0 left on base; University of Oklahoma 1 - University of Minnesota 1 |
TOP OF THE 6TH | |
---|---|
University of Oklahoma Sooners batting - Pitching for University of Minnesota Golden Gophers : RHP Adam Wickwire | |
Batting: RHB Virgil Wenz |
0-0: Called Strike 0-1: Foul Ball, location: 2F 0-2: Strikes out swinging |
Batting: RHB Myles Sabine |
0-0: Called Strike 0-1: Swinging Strike 0-2: Strikes out swinging |
Batting: LHB Toby Clark |
0-0: Foul Ball, location: 2RF 0-1: Foul Ball, location: 2F 0-2: Foul Ball, location: 9LDF 0-2: Ball 1-2: Ball 2-2: Foul Ball, location: 2F 2-2: SINGLE (Groundball, 34D, EV 103.1 MPH) |
Batting: LHB Aaron Hollifield |
0-0: Ball 1-0: Called Strike 1-1: Ground out 4-3 (Groundball, 34S, EV 86.3 MPH) |
Top of the 6th over - 0 runs, 1 hit, 0 errors, 1 left on base; University of Oklahoma 1 - University of Minnesota 1 |
BOTTOM OF THE 6TH | |
---|---|
University of Minnesota Golden Gophers batting - Pitching for University of Oklahoma Sooners : RHP Kay Cooper | |
Batting: RHB Ron Gooch |
0-0: Ball 1-0: Called Strike 1-1: Foul Ball, location: 7LSF 1-2: Ball 2-2: DOUBLE (Groundball, 5L, EV 96.3 MPH) |
Batting: RHB Jian-zhang Zhào |
0-0: Foul Ball, location: 2RF 0-1: Foul Ball, location: 5F 0-2: Ball 1-2: Ground out 6-3 (Groundball, 6, EV 77.5 MPH) Ron Gooch to third |
Batting: RHB Tommy Molinaro |
0-0: Called Strike 0-1: Foul Ball, location: 9LDF 0-2: Ball 1-2: SINGLE (Flyball, 4D, EV 91.9 MPH) Ron Gooch scores |
Pitching: RHP Andy Cane | |
Batting: RHB Mike Satterfield |
0-0: Called Strike 0-1: Ball 1-1: Swinging Strike 1-2: Foul Ball, location: 23F 1-2: Ball 2-2: Ball 3-2: Base on Balls Tommy Molinaro to second |
Batting: RHB Jose Garrido |
0-0: Ball 1-0: Called Strike 1-1: Ball 2-1: Foul Ball, location: 2F 2-2: Foul Ball, location: 2F 2-2: Fly out, F9 (Flyball, 9LM, EV 95.0 MPH) |
Batting: RHB Jason Mooris |
0-0: Ball 1-0: Called Strike 1-1: Ball 2-1: Called Strike 2-2: Foul Ball, location: 2RF 2-2: Ball 3-2: SINGLE (Line Drive, 34D, EV 106.3 MPH) Tommy Molinaro to third Mike Satterfield to second Tommy Molinaro scores Mike Satterfield to third |
Batting: SHB Chris Rodgers |
0-0: Foul Ball, location: 7LDF 0-1: Called Strike 0-2: Strikes out swinging |
Bottom of the 6th over - 2 runs, 3 hits, 0 errors, 2 left on base; University of Oklahoma 1 - University of Minnesota 3 |
TOP OF THE 7TH | |
---|---|
University of Oklahoma Sooners batting - Pitching for University of Minnesota Golden Gophers : RHP Adam Wickwire | |
Now at C: Jose Garrido | |
Now at 1B: Jose Moncada | |
Batting: RHB Suk Hahn | 0-0: Ground out 6-3 (Groundball, 6, EV 86.3 MPH) |
Pitching: RHP Bobby Rodriguez | |
Batting: RHB Alex Perez |
0-0: Called Strike 0-1: Ground out 6-3 (Groundball, 6, EV 83.1 MPH) |
Batting: RHB Sugiarto Kartosuwiryo | 0-0: SINGLE (Groundball, 6MD, EV 107.5 MPH) |
Batting: RHB Sam Mason |
0-0: Called Strike 0-1: Foul Ball, location: 2F 0-2: Foul Ball, location: 3F 0-2: Ground out 5-3 (Groundball, 56S, EV 65.0 MPH) |
Top of the 7th over - 0 runs, 1 hit, 0 errors, 1 left on base; University of Oklahoma 1 - University of Minnesota 3 |
BOTTOM OF THE 7TH | |
---|---|
University of Minnesota Golden Gophers batting - Pitching for University of Oklahoma Sooners : RHP Andy Cane | |
Batting: LHB Bobby Agterberg |
0-0: Foul Ball, location: 2F 0-1: Ball 1-1: Ball 2-1: Foul Ball, location: 7LDF 2-2: Foul Ball, location: 7LSF 2-2: SINGLE (Line Drive, 8LS, EV 104.4 MPH) |
Batting: LHB Phil Bonner |
0-0: Sac Bunt to 2R - play at first, batter OUT! 2-3 Bobby Agterberg to second |
Batting: RHB Ron Gooch |
0-0: Called Strike 0-1: Called Strike 0-2: Strikes out swinging |
Batting: RHB Jian-zhang Zhào |
0-0: Called Strike 0-1: Ball 1-1: Ball 2-1: Ball 3-1: Called Strike 3-2: SINGLE (Line Drive, 9S, EV 105.0 MPH) Bobby Agterberg to third Runner from 3rd tries for Home, SAFE, throw by RF to home |
Batting: LHB Jose Moncada |
0-0: Ball 1-0: Called Strike 1-1: Fly out, F8 (Line Drive, 78D, EV 95.6 MPH) |
Bottom of the 7th over - 1 run, 2 hits, 0 errors, 1 left on base; University of Oklahoma 1 - University of Minnesota 4 |
TOP OF THE 8TH | |
---|---|
University of Oklahoma Sooners batting - Pitching for University of Minnesota Golden Gophers : RHP Bobby Rodriguez | |
Pitching: RHP John Roebuck | |
Batting: LHB Nelson Morales |
0-0: Swinging Strike 0-1: Called Strike 0-2: Foul Ball, location: 2F 0-2: Ground out U3 (Groundball, 3, EV 89.4 MPH) |
Batting: RHB Virgil Wenz |
0-0: Called Strike 0-1: Reaches on Catchers interference |
Batting: RHB Myles Sabine |
0-0: Ball 1-0: Called Strike 1-1: Foul Ball, location: 2RF 1-2: Ball 2-2: Ball 3-2: SINGLE (Line Drive, 6D, EV 68.8 MPH) Virgil Wenz to second Virgil Wenz to third |
Batting: LHB Toby Clark |
0-0: Ball 1-0: Called Strike 1-1: Foul Ball, location: 5FF 1-2: Foul Ball, location: 2F 1-2: Ball 2-2: Foul Ball, location: 2F 2-2: Grounds into double play, 6-4-3 (Groundball, 56, EV 80.0 MPH) |
Top of the 8th over - 0 runs, 1 hit, 1 error, 1 left on base; University of Oklahoma 1 - University of Minnesota 4 |
BOTTOM OF THE 8TH | |
---|---|
University of Minnesota Golden Gophers batting - Pitching for University of Oklahoma Sooners : RHP Andy Cane | |
Pitching: RHP Marco Munoz | |
Batting: RHB Mike Satterfield |
0-0: Ball 1-0: Foul Ball, location: 9LSF 1-1: Foul Ball, location: 9LSFF 1-2: Foul Ball, location: 9LSF 1-2: Ball 2-2: DOUBLE (Line Drive, 9LS, EV 107.5 MPH) |
Batting: RHB Jose Garrido |
0-0: Ball 1-0: Ball 2-0: Called Strike 2-1: Fly out, F8 (Flyball, 8RS, EV 91.9 MPH) |
Batting: RHB Jason Mooris | 0-0: Intentional Walk |
Batting: SHB Chris Rodgers |
0-0: Ball 1-0: Ball 2-0: Ball 3-0: Called Strike 3-1: Fly out, F9 (Flyball, 9S, EV 91.3 MPH) |
Batting: LHB Bobby Agterberg |
0-0: Ball 1-0: SINGLE (Line Drive, 56D, EV 94.4 MPH) Mike Satterfield to third Jason Mooris to second Runner from 3rd tries for Home, SAFE, throw by LF to home |
Pitching: LHP Bruce Chapman | |
Batting: LHB Phil Bonner |
0-0: Ball 1-0: Fly out, F9 (Flyball, 89M, EV 90.6 MPH) |
Bottom of the 8th over - 1 run, 2 hits, 0 errors, 2 left on base; University of Oklahoma 1 - University of Minnesota 5 |
TOP OF THE 9TH | |
---|---|
University of Oklahoma Sooners batting - Pitching for University of Minnesota Golden Gophers : RHP John Roebuck | |
Pinch Hitting: SHB Orlando Uribe |
0-0: Ball 1-0: Foul Ball, location: 7LSF 1-1: Called Strike 1-2: Foul Ball, location: 2F 1-2: Foul Ball, location: 3F 1-2: Strikes out looking |
Batting: RHB Suk Hahn |
0-0: Called Strike 0-1: DOUBLE (Groundball, 5L, EV 111.9 MPH) |
Batting: RHB Alex Perez |
0-0: Ball 1-0: Swinging Strike 1-1: Foul Ball, location: 2F 1-2: Foul Ball, location: 9LMFF 1-2: Foul Ball, location: 5F 1-2: Ball 2-2: Ball 3-2: Strikes out swinging |
Pinch Hitting: LHB Jon Terrones |
0-0: Foul Ball, location: 3F 0-1: Ball 1-1: Ball 2-1: Called Strike 2-2: Ball 3-2: Strikes out swinging |
Top of the 9th over - 0 runs, 1 hit, 0 errors, 1 left on base; University of Oklahoma 1 - University of Minnesota 5 |
Sunday, July 16th , 2023 - OOTP Baseball 24.6 Build 69 |